 Dungeon Crawl Stone Soup version 0.30-a0-465-g8901f6c8b5 (webtiles) character file.

Game seed: 9198034153918510534

2 Syeburn the Magician (level 1, 13/13 HPs)
             Began as a Gnoll Wanderer on Dec 17, 2022.
             Quit the game on level 1 of the Dungeon on Mar 27, 2023.
             The game lasted 00:03:03 (157 turns).

Syeburn the Magician (Gnoll Wanderer)                Turns: 157, Time: 00:03:04

Health: 13/13      AC:  5    Str: 10    XL:     1   Next: 30%
Magic:  6/6        EV:  9    Int: 10    God:
Gold:   0          SH:  0    Dex: 13    Spells: 8/9 levels left

rFire   . . .      SeeInvis .    a - +0 falchion
rCold   . . .      Faith    .    (no shield)
rNeg    . . .      Spirit   .    e - +0 ring mail
rPois   .          Reflect  .    (no helmet)
rElec   .          Harm     .    (no cloak)
rCorr   .          Rampage  .    (no gloves)
Will    .....                    (no boots)
Stlth   +.........               (no amulet)
HPRegen 0.22/turn                (no ring)
MPRegen 0.10/turn                (no ring)

@: no status effects
A: fangs 1, strong nose, distributed training
a: no special abilities


You were on level 1 of the Dungeon.
You visited 1 branch of the dungeon, and saw 1 of its levels.

Inventory:

Hand Weapons
 a - a +0 falchion (weapon)
Armour
 d - a +0 robe
 e - a +0 ring mail (worn)
Wands
 b - a wand of flame (6)
Potions
 c - a potion of curing
 f - a potion of flight {unknown}


   Skills:
 + Level 0.0 Fighting
 + Level 0.0 Short Blades
 + Level 4.4 Long Blades
 + Level 0.0 Axes
 + Level 0.0 Maces & Flails
 + Level 0.0 Polearms
 + Level 0.0 Staves
 + Level 0.0 Ranged Weapons
 + Level 2.3 Throwing
 + Level 2.3 Armour
 + Level 0.0 Dodging
 + Level 0.0 Stealth
 + Level 0.0 Shields
 + Level 0.0 Unarmed Combat
 + Level 4.8 Spellcasting
 + Level 0.0 Conjurations
 + Level 0.0 Hexes
 + Level 3.6 Summonings
 + Level 0.0 Necromancy
 + Level 0.0 Translocations
 + Level 0.0 Transmutations
 + Level 0.0 Fire Magic
 + Level 0.0 Ice Magic
 + Level 0.0 Air Magic
 + Level 0.0 Earth Magic
 + Level 0.0 Poison Magic
 + Level 0.1 Invocations
 + Level 4.4 Evocations


You had 8 spell levels left.
You knew the following spells:

 Your Spells              Type           Power      Damage    Failure   Level
a - Summon Small Mammal   Summ           36%        N/A       13%         1

Your spell library contained the following spells:

 Spells                   Type           Power      Damage    Failure   Level
 Animate Armour           Summ/Erth      12%        N/A       95%         4
 Summon Ice Beast         Ice/Summ       6%         N/A       95%         4


Dungeon Overview and Level Annotations

Branches:
Dungeon (1/15)

Altars:


Innate Abilities, Weirdness & Mutations

You have very sharp teeth.
Your uncanny sense of smell can sniff out nearby items.
Your experience applies equally to all skills.


Message History

Done waiting.
There are no items here.
Unknown command.
Unknown command.
Press: ? - help, v - describe, . - travel The floor.
Found a brown potion.
Found 2 javelins and a scroll labelled QAT LAJOCO.
Found a scroll labelled SIOMACR PAPHYG.
f - a brown potion A bat comes into view.
The bat closely misses you. The bat hits you but does no damage.
You see here 2 javelins.
The bat hits you but does no damage.
You closely miss the bat. Your bite misses the bat.
The bat hits you but does no damage. The bat barely misses you.
The bat hits you but does no damage.
You hit the bat.
You kill the bat!
No target in view!
No target in view!
You see here 2 javelins.
A quokka comes into view.
You see here a scroll labelled SIOMACR PAPHYG.
The quokka bites you.
You closely miss the quokka.
The quokka bites you but does no damage.
You hit the quokka but do no damage.
The quokka bites you but does no damage.
The quokka barely misses you.
You hit the quokka.
The quokka is severely wounded.
The quokka closely misses you.
You hit the quokka.
You kill the quokka!
No target in view!
Welcome back, Syeburn the Gnoll Wanderer.
Press ? for a list of commands and other information.
Are you sure you want to abandon this character and quit the game? (Confirm with "yes".)

###. ... #..#.# .
#.. ..##..#.#.# #.#
#....#..... #.#####
#.#..#.... ......#
#.#.....# ......#
##?#.##..# ∆
####..# #..#.....#
...#..####..#..(..#
...#.....#....†.@?#
...#..##..........#
...#..####.#####.##
...#..# #+# ....
...#..# ##.###
......# #.# ...#..#
#.# #.##..# #.# ...
#


There were no monsters in sight!

Vanquished Creatures
  A quokka (D:1)
  A bat (D:1)
2 creatures vanquished.

Notes
Turn   | Place    | Note
-------+----------+-------------------------------------------
     0 | D:1      | Syeburn the Gnoll Wanderer began the quest for the Orb.
     0 | D:1      | Syeburn set off with the following items: a +0 falchion, a
                  | wand of flame (6), a potion of curing, a +0 robe; and the
                  | following spell memorised: Summon Small Mammal; and the
                  | following spells available to memorise: Animate Armour,
                  | Summon Ice Beast.
     0 | D:1      | Reached XP level 1. HP: 13/13 MP: 6/6
   157 | D:1      | Quit the game

Illustrated notes

Levels and vault maps discovered:
D:1:      lemuel_arrival_room, layout_basic

Action                   || total
-------------------------++-------
Melee: Falchion          ||     6
Armor: Ring mail         ||     6
Dodge: Dodged            ||     4

Table legend: (Time is in decaauts)
 A = Elapsed time spent in this place.
 B = Non-inter-level travel time spent in this place.
 C = Inter-level travel time spent in this place.
 D = Time resting spent in this place.
 E = Time spent auto-exploring this place.
 F = Levels seen in this place.
 G = Mean time per level.
                   A        B        C        D        E       F      G
               +--------+--------+--------+--------+--------+-----+--------+
         Total |    157 |    157 |      0 |    100 |      0 |   1 |  157.0 |
       Dungeon |    157 |    157 |      0 |    100 |      0 |   1 |  157.0 |
               +--------+--------+--------+--------+--------+-----+--------+

Top non-repeatable levels by time:
     D:1: 157 daAuts
